NWL (28 & UNDER)
LA CROSSE LOGGERS @ BISMARK BORDER GUARDS
08/22/2023
 
TOP OF THE 1ST
La Crosse Loggers batting - Pitching for Bismark Border Guards : RHP Bud Baldwin
Pitching: RHP Bud Baldwin
Batting: RHB Jon Kenney 0-0: SINGLE (Line Drive, 8LS)
Batting: RHB Fraser Stanton 0-0: Ball
1-0: Ball
2-0: Called Strike
2-1: Swinging Strike
2-2: Ball
Jon Kenney steals 2nd base
3-2: Foul Ball, location: 2F
3-2: Strikes out swinging
Batting: LHB Ricardo Ruíz 0-0: Called Strike
0-1: Ground out 6-3 (Groundball, 6M)
Jon Kenney to third
Batting: RHB Paul Bailey 0-0: Swinging Strike
0-1: Ball
1-1: Ball
2-1: Swinging Strike
2-2: Strikes out swinging
Top of the 1st over - 0 run(s), 1 hit(s), 0 error(s), 1 left on base; La Crosse 0 - Bismark 0
BOTTOM OF THE 1ST
Bismark Border Guards batting - Pitching for La Crosse Loggers : RHP Tony López
Pitching: RHP Tony López
Batting: LHB Juan Viera 0-0: Called Strike
0-1: Swinging Strike
0-2: Strikes out swinging
Batting: RHB Vincent Fields 0-0: Foul Ball, location: 2F
0-1: Fly out, F3 (Popup, 34)
Batting: LHB Jim Jensen 0-0: Foul Ball, location: 2F
0-1: Ball
1-1: Fly out, F7 (Line Drive, 78D)
Bottom of the 1st over - 0 run(s), 0 hit(s), 0 error(s), 0 left on base; La Crosse 0 - Bismark 0
TOP OF THE 2ND
La Crosse Loggers batting - Pitching for Bismark Border Guards : RHP Bud Baldwin
Batting: RHB Vicente Vélez 0-0: Called Strike
0-1: Ball
1-1: Ball
2-1: Swinging Strike
2-2: Ball
3-2: Fly out, F8 (Flyball, 8RM)
Batting: LHB Oliver Beltrán 0-0: Swinging Strike
0-1: Called Strike
0-2: Ball
1-2: SINGLE (Groundball, 34D) (infield hit)
Batting: RHB Robert Barnard 0-0: Grounds into double play, 4-6-3 (Groundball, 4)
Top of the 2nd over - 0 run(s), 1 hit(s), 0 error(s), 0 left on base; La Crosse 0 - Bismark 0
BOTTOM OF THE 2ND
Bismark Border Guards batting - Pitching for La Crosse Loggers : RHP Tony López
Batting: RHB Mike Wright 0-0: SINGLE (Groundball, 56D) (infield hit)
Batting: LHB Nelson Peńa 0-0: Ball
1-0: Ball
2-0: SINGLE (Groundball, 6MD)
Mike Wright to second
Batting: LHB Júlio Colón 0-0: Foul Ball, location: 2F
0-1: Ball
1-1: Foul Ball, location: 2F
1-2: Fly out, F8 (Flyball, 8RM)
Batting: RHB José Cintrón 0-0: Swinging Strike
0-1: Foul Ball, location: 2F
0-2: Strikes out swinging
Batting: RHB Enrico Rodríguez 0-0: SINGLE (Groundball, 56D)
Mike Wright to third
Nelson Peńa to second
Runner from 3rd tries for Home, SAFE, no throw or cutoff
Batting: RHB Brennan Yates 0-0: Ball
1-0: Called Strike
1-1: Ball
2-1: Swinging Strike
2-2: Strikes out swinging
Bottom of the 2nd over - 1 run(s), 3 hit(s), 0 error(s), 2 left on base; La Crosse 0 - Bismark 1
TOP OF THE 3RD
La Crosse Loggers batting - Pitching for Bismark Border Guards : RHP Bud Baldwin
Batting: RHB Jimmy Smith 0-0: Ball
1-0: Called Strike
1-1: Swinging Strike
1-2: Strikes out swinging
Batting: RHB Kirk Powell 0-0: Called Strike
0-1: Foul Ball, location: 2F
0-2: Fly out, F7 (Flyball, 7M)
Batting: RHB Jon Kenney 0-0: Ball
1-0: Called Strike
1-1: SINGLE (Line Drive, 7S)
Batting: RHB Fraser Stanton 0-0: Called Strike
0-1: Ball
1-1: Foul Ball, location: 2F
1-2: Foul Ball, location: 2F
1-2: Fielders Choice at 2nd, U6 (Groundball, 6M)
Top of the 3rd over - 0 run(s), 1 hit(s), 0 error(s), 1 left on base; La Crosse 0 - Bismark 1
BOTTOM OF THE 3RD
Bismark Border Guards batting - Pitching for La Crosse Loggers : RHP Tony López
Batting: LHB Juan Viera 0-0: Ball
1-0: SINGLE (Groundball, 34D) (infield hit)
Batting: RHB Vincent Fields 0-0: Ball
1-0: Foul Ball, location: 2F
1-1: SINGLE (Line Drive, 89M)
Juan Viera to second
Batting: LHB Jim Jensen 0-0: Called Strike
0-1: Ball
1-1: Ball
2-1: Ball
3-1: Swinging Strike
Passed Ball!
Juan Viera to third
Vincent Fields to second
3-2: Ground out 5-3 (Groundball, 5S)
Batting: RHB Mike Wright 0-0: Called Strike
0-1: Swinging Strike
0-2: Strikes out swinging
Batting: LHB Nelson Peńa 0-0: Fly out, F7 (Flyball, 78D)
Bottom of the 3rd over - 0 run(s), 2 hit(s), 0 error(s), 2 left on base; La Crosse 0 - Bismark 1
TOP OF THE 4TH
La Crosse Loggers batting - Pitching for Bismark Border Guards : RHP Bud Baldwin
Batting: LHB Ricardo Ruíz 0-0: Ball
1-0: Called Strike
1-1: Ball
2-1: Ball
3-1: Swinging Strike
3-2: Base on Balls
Batting: RHB Paul Bailey 0-0: Called Strike
0-1: Foul Ball, location: 2F
0-2: Foul Ball, location: 2F
0-2: Grounds into double play, 4-6-3 (Groundball, 4)
Batting: RHB Vicente Vélez 0-0: Ball
1-0: Fly out, F7 (Flyball, 7S)
Top of the 4th over - 0 run(s), 0 hit(s), 0 error(s), 0 left on base; La Crosse 0 - Bismark 1
BOTTOM OF THE 4TH
Bismark Border Guards batting - Pitching for La Crosse Loggers : RHP Tony López
Batting: LHB Júlio Colón 0-0: Called Strike
0-1: Ball
1-1: Foul Ball, location: 2F
1-2: Strikes out swinging
Batting: RHB José Cintrón 0-0: Ball
1-0: Ball
2-0: Called Strike
2-1: Swinging Strike
2-2: Strikes out swinging
Batting: RHB Enrico Rodríguez 0-0: Hit by Pitch
Batting: RHB Brennan Yates 0-0: Ball
1-0: Ball
Enrico Rodríguez steals 2nd base
2-0: Swinging Strike
2-1: Ground out 5-3 (Groundball, 56S)
Bottom of the 4th over - 0 run(s), 0 hit(s), 0 error(s), 1 left on base; La Crosse 0 - Bismark 1
TOP OF THE 5TH
La Crosse Loggers batting - Pitching for Bismark Border Guards : RHP Bud Baldwin
Batting: LHB Oliver Beltrán 0-0: Called Strike
0-1: Called Strike
0-2: Ball
1-2: Strikes out looking
Batting: RHB Robert Barnard 0-0: Called Strike
0-1: Ball
1-1: Foul Ball, location: 2F
1-2: Ball
2-2: Foul Ball, location: 2F
2-2: Foul Ball, location: 2F
2-2: Strikes out swinging
Batting: RHB Jimmy Smith 0-0: Ball
1-0: Fly out, F8 (Flyball, 8LD)
Top of the 5th over - 0 run(s), 0 hit(s), 0 error(s), 0 left on base; La Crosse 0 - Bismark 1
BOTTOM OF THE 5TH
Bismark Border Guards batting - Pitching for La Crosse Loggers : RHP Tony López
Batting: LHB Juan Viera 0-0: Ground out U3 (Groundball, 3)
Batting: RHB Vincent Fields 0-0: Called Strike
0-1: Ball
1-1: Foul Ball, location: 2F
1-2: Strikes out looking
Batting: LHB Jim Jensen 0-0: Called Strike
0-1: Ball
1-1: Ball
2-1: Swinging Strike
2-2: Ball
3-2: Base on Balls
Batting: RHB Mike Wright 0-0: Swinging Strike
0-1: Ball
1-1: Ball
2-1: Foul Ball, location: 2F
2-2: Ball
3-2: Base on Balls
Jim Jensen to second
Batting: LHB Nelson Peńa 0-0: Called Strike
0-1: Ground out 4-3 (Groundball, 4)
Bottom of the 5th over - 0 run(s), 0 hit(s), 0 error(s), 2 left on base; La Crosse 0 - Bismark 1
TOP OF THE 6TH
La Crosse Loggers batting - Pitching for Bismark Border Guards : RHP Bud Baldwin
Batting: RHB Kirk Powell 0-0: Swinging Strike
0-1: Ball
1-1: Ball
2-1: SINGLE (Groundball, 56)
Batting: RHB Jon Kenney 0-0: Grounds into double play, 6-4-3 (Groundball, 6)
Batting: RHB Fraser Stanton 0-0: Ball
1-0: Swinging Strike
1-1: Ground out 6-3 (Groundball, 6)
Top of the 6th over - 0 run(s), 1 hit(s), 0 error(s), 0 left on base; La Crosse 0 - Bismark 1
BOTTOM OF THE 6TH
Bismark Border Guards batting - Pitching for La Crosse Loggers : RHP Tony López
Batting: LHB Júlio Colón 0-0: Ball
1-0: Ball
2-0: Ball
3-0: Base on Balls
Batting: RHB José Cintrón 0-0: Ball
1-0: Called Strike
1-1: Called Strike
1-2: Foul Ball, location: 2F
1-2: Ball
2-2: Ball
3-2: Foul Ball, location: 2F
3-2: Base on Balls
Júlio Colón to second
Batting: RHB Enrico Rodríguez 0-0: Swinging Strike
0-1: Ball
1-1: Called Strike
1-2: Foul Ball, location: 2F
1-2: Strikes out swinging
Batting: RHB Brennan Yates 0-0: Ball
1-0: Ball
2-0: Fly out, F8 (Flyball, 89M)
Batting: LHB Juan Viera 0-0: Ball
1-0: Ball
2-0: Called Strike
2-1: Ball
3-1: Base on Balls
Júlio Colón to third
José Cintrón to second
Pitching: LHP Pablo Solíz
Batting: RHB Vincent Fields 0-0: Foul Ball, location: 2F
0-1: GRAND SLAM HOME RUN (Flyball, 89XD), Distance : 420 ft
Batting: LHB Jim Jensen 0-0: Called Strike
0-1: Ball
1-1: Called Strike
1-2: Strikes out swinging
Bottom of the 6th over - 4 run(s), 1 hit(s), 0 error(s), 0 left on base; La Crosse 0 - Bismark 5
TOP OF THE 7TH
La Crosse Loggers batting - Pitching for Bismark Border Guards : RHP Bud Baldwin
Batting: LHB Ricardo Ruíz 0-0: Ball
1-0: Ball
2-0: Ball
3-0: Base on Balls
Batting: RHB Paul Bailey 0-0: Ball
1-0: SINGLE (Flyball, 9LM)
Ricardo Ruíz to second
Runner from 2nd tries for 3rd, SAFE, no throw or cutoff
Batting: RHB Vicente Vélez 0-0: Ball
1-0: Swinging Strike
1-1: Swinging Strike
1-2: Foul Ball, location: 2F
1-2: Strikes out swinging
Batting: LHB Oliver Beltrán 0-0: Called Strike
0-1: Ball
1-1: Ball
2-1: SINGLE (Groundball, 34D)
Ricardo Ruíz scores
Paul Bailey to second
Runner from 2nd tries for 3rd, SAFE, throw made to third
Batting: RHB Robert Barnard 0-0: Called Strike
0-1: Ball
1-1: Fielders Choice at 2nd, 6-4 (Groundball, 6M)
Paul Bailey scores
Batting: RHB Jimmy Smith 0-0: Ball
1-0: Ball
2-0: Called Strike
2-1: Foul Ball, location: 2F
2-2: Fielders Choice at 2nd, U6 (Groundball, 6M)
Top of the 7th over - 2 run(s), 2 hit(s), 0 error(s), 1 left on base; La Crosse 2 - Bismark 5
BOTTOM OF THE 7TH
Bismark Border Guards batting - Pitching for La Crosse Loggers : LHP Pablo Solíz
Batting: RHB Mike Wright 0-0: Called Strike
0-1: Foul Ball, location: 2F
0-2: Ball
1-2: Foul Ball, location: 2F
1-2: Fly out, F7 (Flyball, 7LS)
Batting: LHB Nelson Peńa 0-0: Ball
1-0: Called Strike
1-1: Ball
2-1: Ground out 6-3 (Groundball, 6)
Batting: LHB Júlio Colón 0-0: Fly out, F8 (Flyball, 8RS)
Bottom of the 7th over - 0 run(s), 0 hit(s), 0 error(s), 0 left on base; La Crosse 2 - Bismark 5
TOP OF THE 8TH
La Crosse Loggers batting - Pitching for Bismark Border Guards : RHP Bud Baldwin
Pitching: LHP Arturo Heredia
Batting: RHB Kirk Powell 0-0: Called Strike
0-1: Called Strike
0-2: Ball
1-2: Ball
2-2: Ball
3-2: SOLO HOME RUN (Flyball, 7D), Distance : 390 ft
Batting: RHB Jon Kenney 0-0: Ball
1-0: Called Strike
1-1: Ball
2-1: Foul Ball, location: 2F
2-2: Strikes out swinging
Batting: RHB Fraser Stanton 0-0: Foul Ball, location: 2F
0-1: Fly out, F8 (Line Drive, 78S)
Batting: LHB Ricardo Ruíz 0-0: Called Strike
0-1: Ball
1-1: Ball
2-1: Ball
3-1: Foul Ball, location: 2F
3-2: Strikes out looking
Top of the 8th over - 1 run(s), 1 hit(s), 0 error(s), 0 left on base; La Crosse 3 - Bismark 5
BOTTOM OF THE 8TH
Bismark Border Guards batting - Pitching for La Crosse Loggers : LHP Jorge Martínez
Pitching: LHP Jorge Martínez
Batting: RHB José Cintrón 0-0: SINGLE (Groundball, 6MD)
Batting: RHB Enrico Rodríguez 0-0: Ball
1-0: Ball
2-0: Ball
3-0: Base on Balls
José Cintrón to second
Batting: RHB Brennan Yates 0-0: Called Strike
0-1: Ball
1-1: Sac Bunt - play at first, batter OUT! 5-4
José Cintrón to third
Enrico Rodríguez to second
Pinch Hitting: RHB Carlos MacKinney 0-0: Intentional Walk
Pinch Hitting: RHB José Gómez 0-0: Ball
1-0: Called Strike
1-1: Foul Ball, location: 2F
1-2: Grounds into double play, 3-6-3 (Groundball, 3)
Bottom of the 8th over - 0 run(s), 1 hit(s), 0 error(s), 2 left on base; La Crosse 3 - Bismark 5
TOP OF THE 9TH
La Crosse Loggers batting - Pitching for Bismark Border Guards : LHP Arturo Heredia
Pitching: RHP Dominic Desmarais
Now at 1B: Enrique Mendoza
Now in CF: Sean Anderson
Batting: RHB Paul Bailey 0-0: Ball
1-0: Swinging Strike
1-1: Foul Ball, location: 2F
1-2: Foul Ball, location: 2F
1-2: Ball
2-2: Strikes out swinging
Batting: RHB Vicente Vélez 0-0: Ball
1-0: Foul Ball, location: 2F
1-1: Called Strike
1-2: Foul Ball, location: 2F
1-2: Strikes out swinging
Batting: LHB Oliver Beltrán 0-0: Ball
1-0: Foul Ball, location: 2F
1-1: Ball
2-1: Called Strike
2-2: Foul Ball, location: 2F
2-2: Foul Ball, location: 2F
2-2: SINGLE (Line Drive, 8RS)
Pinch Hitting: RHB Lloyd Harvey 0-0: DOUBLE (Line Drive, 8LM)
Oliver Beltrán to third
Pinch Hitting: LHB Enrique Tirado 0-0: Ball
1-0: Called Strike
1-1: Ball
2-1: Foul Ball, location: 2F
2-2: Foul Ball, location: 2F
2-2: SINGLE (Groundball, 4MD)
Oliver Beltrán scores
Lloyd Harvey to third
Runner from 3rd tries for Home, SAFE, no throw or cutoff
Batting: RHB Kirk Powell 0-0: Ball
1-0: 2-RUN HOME RUN (Flyball, 78D), Distance : 391 ft
Pitching: RHP Júlio Quintana
Batting: RHB Jon Kenney 0-0: Called Strike
0-1: Ball
1-1: Called Strike
1-2: Foul Ball, location: 2F
1-2: Strikes out swinging
Top of the 9th over - 4 run(s), 4 hit(s), 0 error(s), 0 left on base; La Crosse 7 - Bismark 5
BOTTOM OF THE 9TH
Bismark Border Guards batting - Pitching for La Crosse Loggers : LHP Jorge Martínez
Pitching: LHP Marty Blasingame
Now at 3B: Tony Ojeda
Now in RF: Enrique Tirado
Batting: LHB Jim Jensen 0-0: Foul Ball, location: 2F
0-1: Ball
1-1: Ground out 6-3 (Groundball, 6)
Batting: RHB Mike Wright 0-0: Ball
1-0: Ball
2-0: Ball
3-0: Called Strike
3-1: Base on Balls
Pinch Hitting: LHB Tom Baker 0-0: Ball
1-0: Ball
2-0: Foul Ball, location: 2F
2-1: Called Strike
2-2: Fly out, F7 (Flyball, 7LM)
Batting: LHB Júlio Colón 0-0: Fly out, F6 (Line Drive, 6)
Bottom of the 9th over - 0 run(s), 0 hit(s), 0 error(s), 1 left on base; La Crosse 7 - Bismark 5
This league is powered by Out of the Park Baseball, the baseball management simulation game for PC, Mac and Linux
Wednesday, December 2nd, 2015 - OOTP Baseball 16.8 Build 38